Map: Tours du crépuscule

Players

XiaoWangZi - Winner!

  • Race: Terran Terran
  • League: Master

SCV

  • Race: Terran Terran
  • League: Master

VOD

Have the link to the VOD?

Description

Time

  • Played on: March 12, 2016, 10:35 a.m.
  • Length: 15:40
Show
View Real Time Build Order
Export as new Build Order

XiaoWangZi Terran - Winner!

Build Orders: Banshee Rush 

Get SALT Encoding   

  12  0:01  SCV  
  13  0:13  SCV  
  14  0:17  Supply Depot  
  14  0:25  SCV  
  15  0:32  Refinery  
  15  0:39  SCV  
  16  0:45  Barracks  
  16  0:51  SCV  
  17  1:03  SCV  
  18  1:15  SCV  
  19  1:24  Refinery  
  19  1:37  Orbital Command, Reaper  
  19  1:38  Supply Depot  
  20  1:53  Factory  
  20  2:02  SCV  
  21  2:09  Reaper  
  21  2:15  SCV  
  23  2:27  SCV  
  24  2:38  Hellion  
  24  2:39  SCV, Starport  
  24  2:40  Supply Depot  
  24  2:41  Reaper  
  27  2:51  SCV  
  28  2:59  Hellion  
  28  3:03  SCV  
  31  3:15  SCV, Starport Tech Lab  
  32  3:22  Command Center  
  32  3:25  Marine  
  32  3:35  SCV, Cloaking Field, Hellion  
  35  3:45  Banshee  
  35  3:47  SCV  
  37  4:00  SCV  
  37  4:01  Widow Mine  
  39  4:03  Engineering Bay  
  39  4:10  Barracks Reactor  
  39  4:13  Supply Depot  
  39  4:20  SCV  
  38  4:38  Missile Turret  
  36  4:42  Missile Turret  
  36  4:46  SCV, Missile Turret  
  36  4:48  Missile Turret  
  36  4:49  Marine x2  
  36  5:03  Missile Turret  
  31  5:19  Marine x2  
  33  5:26  SCV x2  
  35  5:37  Marine  
  35  5:38  SCV  
  32  5:46  Factory Tech Lab  
  32  5:53  SCV, Orbital Command  
  35  6:04  Raven  
  35  6:06  Marine x2  
  37  6:11  SCV  
  37  6:20  SCV, Siege Tank  
  37  6:23  SCV  
  42  6:32  SCV  
  43  6:33  Barracks  
  43  6:35  SCV  
  44  6:42  Marine x2  
  46  6:58  SCV x2  
  46  7:00  Marine x2  
  47  7:05  Siege Tank  
  44  7:32  SCV x2  
  44  7:34  Marine  
  44  7:44  SCV  
  44  7:47  Marine  
  44  7:51  Supply Depot  
  46  7:52  Marine, Siege Tank, Viking  
  46  7:53  Supply Depot  
  46  7:56  SCV  
  46  7:58  SCV  
  54  8:05  Barracks  
  54  8:06  Barracks Tech Lab  
  54  8:12  SCV x2  
  57  8:19  Barracks Reactor  
  56  8:24  SCV x2  
  56  8:26  Viking  
  56  8:36  SCV x2  
  56  8:41  Stimpack  
  58  8:42  Marine  
  59  8:48  SCV  
  58  9:01  Marine x2  
  60  9:06  Starport Reactor  
  55  9:12  Marine  
  51  9:19  Marine  
  50  9:25  Marine  
  50  9:26  Siege Tank  
  50  9:27  Barracks Reactor  
  50  9:30  Marine  
  55  9:31  Terran Infantry Armor Level 1, Barracks  
  55  9:34  SCV, Command Center  
  55  9:35  SCV  
  55  9:36  Marine  
  58  9:42  Viking x2  
  62  9:50  SCV x2  
  62  9:51  Marine  
  65  9:55  Marine  
  66  10:02  SCV  
  66  10:05  SCV  
  66  10:06  Marine, Sensor Tower  
  69  10:08  Marine  
  69  10:12  Supply Depot  
  70  10:33  Marine x4, SCV, Siege Tank  
  78  10:36  Supply Depot  
  78  10:38  Refinery  
  78  10:39  Refinery  
  78  10:45  Marine x2  
  78  10:46  SCV  
  78  10:47  Medivac  
  78  10:49  SCV  
  84  10:51  Marine x2  
  84  10:53  Marine  
  84  10:55  Supply Depot  
  87  10:57  Barracks Reactor  
  87  10:58  SCV  
  87  11:01  SCV  
  87  11:03  Marine x2  
  91  11:10  Medivac  
  91  11:11  Marine x3  
  94  11:16  Siege Tank  
  94  11:18  Barracks  
  99  11:20  Refinery  
  99  11:21  Marine, Orbital Command  
  99  11:23  SCV  
  101  11:33  Marine, Medivac  
  101  11:34  Marine  
  101  11:37  SCV x2  
  107  11:40  Combat Shields  
  107  11:46  Terran Infantry Weapons Level 1  
  107  11:49  SCV  
  108  11:55  Marine x2  
  108  11:57  Marine  
  108  11:58  Marine  
  108  11:59  Siege Tank  
  108  12:00  Marine  
  116  12:05  SCV  
  116  12:08  Supply Depot  
  117  12:11  Supply Depot  
  117  12:20  Barracks Reactor  
  117  12:29  Marine x4, Medivac  
  124  12:30  SCV  
  124  12:33  Marine x2  
  125  12:42  Marine  
  126  12:48  Siege Tank, Medivac  
  125  12:59  Medivac  
  125  13:02  Marine  
  125  13:03  Marine x5  
  133  13:06  Barracks, Supply Depot  
  133  13:07  Command Center, Marine  
  134  13:18  Medivac  
  134  13:19  SCV x2  
  133  13:20  Siege Tank, SCV  
  133  13:23  Engineering Bay  
  133  13:26  Armory  
  137  13:32  SCV x3  
  137  13:33  Marine x2  
  142  13:37  Missile Turret  
  142  13:41  Missile Turret x2  
  142  13:43  Missile Turret  
  142  13:47  Sensor Tower, Missile Turret  
  142  13:51  Missile Turret, Widow Mine  
  142  13:52  Marine x2  
  146  14:07  Marine  
  146  14:09  Medivac  
  143  14:10  Medivac  
  143  14:13  SCV  
  143  14:14  SCV x2  
  143  14:15  Marine x4  
  143  14:16  Barracks Reactor  
  149  14:18  Marine  
  149  14:23  Supply Depot x2  
  150  14:28  Marine x2  
  152  14:39  Medivac  
  152  14:40  Refinery  
  152  14:41  Missile Turret  
  152  14:42  Marine, Missile Turret  
  152  14:43  Marine  
  156  14:54  Marine, Supply Depot  
  156  14:55  Marine x3  
  156  14:59  Barracks  
  160  15:02  Siege Tank  
  160  15:06  Marine  
  159  15:20  Marine x3  
Show
View Real Time Build Order
Export as new Build Order

SCV Terran 

Build Orders: 1/1/1, Banshee Rush 

Get SALT Encoding   

  12  0:00  SCV  
  13  0:12  SCV  
  14  0:17  Supply Depot  
  14  0:25  SCV  
  15  0:31  Refinery  
  15  0:39  SCV  
  16  0:44  Barracks  
  16  0:51  SCV  
  17  1:01  Refinery  
  17  1:03  SCV  
  18  1:15  SCV  
  19  1:27  SCV  
  19  1:32  Marine  
  21  1:33  Factory  
  21  1:39  SCV  
  21  1:49  Supply Depot  
  21  1:50  Marine  
  21  1:53  SCV  
  23  2:10  Orbital Command  
  23  2:12  Marine  
  24  2:24  Starport  
  24  2:27  Factory Tech Lab  
  24  2:30  Marine  
  24  2:36  SCV  
  26  2:49  Supply Depot  
  26  3:00  SCV  
  26  3:01  Marine  
  28  3:07  Cloaking Field, Banshee  
  28  3:10  Widow Mine  
  33  3:14  SCV  
  30  3:38  Marine  
  30  3:40  Factory Tech Lab  
  31  3:49  Banshee  
  34  4:00  Siege Tank  
  34  4:01  Marine  
  34  4:02  SCV  
  38  4:14  Command Center, SCV  
  39  4:18  Barracks  
  39  4:22  Barracks  
  39  5:05  Barracks Tech Lab  
  39  5:08  Supply Depot  
  39  5:09  Siege Tank  
  39  5:11  Supply Depot  
  39  5:13  Raven  
  41  5:15  Marine x2  
  35  5:33  Marine x2  
  33  5:38  Marine  
  28  5:51  Marine x2  
  28  5:56  Marine  
  30  6:05  SCV  
  30  6:08  Marine  
  32  6:14  Marine  
  32  6:17  SCV  
  34  6:20  Viking  
  36  6:28  Marine  
  36  6:29  Marine  
  36  6:32  SCV  
  39  6:38  Marine  
  40  6:44  SCV  
  41  7:49  Marine x3  
  44  8:02  Viking  
  44  8:03  SCV  
  48  8:07  Marine x3  
  48  8:08  Orbital Command  
  47  8:15  SCV  
  48  8:28  SCV  
  48  8:31  Marine x2  
  53  8:34  Marauder  
  53  8:40  SCV  
  54  8:48  Marine  
  57  8:55  Marauder  
  35  9:27  Marine x2  
  35  9:31  SCV x2  
  37  9:37  Barracks Reactor  
  36  9:38  Barracks  
  36  9:40  Barracks  
  36  9:43  SCV x2  
  36  9:45  Marine  
  39  9:55  SCV x2  
  39  9:56  Barracks  
  39  9:58  Marine, Barracks  
  42  10:03  Marine  
  43  10:07  SCV x2  
  45  10:16  Marine  
  45  10:18  Command Center  
  45  10:19  SCV x2  
  48  10:23  Marine  
  48  10:25  Siege Tank  
  48  10:26  Barracks Reactor  
  48  10:27  Barracks Reactor  
  52  10:31  SCV  
  52  10:32  SCV  
  52  10:33  Barracks Reactor  
  52  10:34  Marine  
  55  10:41  Marine  
  56  10:43  SCV  
  56  10:44  SCV, Marine  
  56  10:45  Marine  
  60  10:51  Marine  
  60  10:56  SCV x2  
  65  11:02  Marine  
  65  11:03  Stimpack  
  65  11:04  Marine x2  
  66  11:08  SCV x2, Marine  
  70  11:16  Marine  
  70  11:25  Marine x2  
  70  11:26  Marine, SCV x2, Medivac, Supply Depot  
  70  11:32  Orbital Command  
  77  11:38  SCV  
  78  11:41  Refinery  
  78  11:44  Medivac  
  80  11:47  Barracks Reactor  
  80  11:53  Barracks Reactor  
  81  11:54  SCV x2  
  81  11:57  Marine  
  81  11:58  Marine x2  
  85  12:05  Engineering Bay  
  85  12:10  Engineering Bay  
  85  12:12  SCV  
  85  12:13  Refinery  
  85  12:14  SCV  
  87  12:16  SCV  
  72  12:39  Marine x5  
  72  12:40  Marine  
  72  12:42  Marine x3  
  72  12:43  Marine, Combat Shields  
  81  12:53  Marine x2  
  81  12:57  Marine x3  
  82  13:01  Marine  
  82  13:04  SCV  
  84  13:08  SCV  
  85  13:13  SCV  
  85  13:16  SCV  
  84  13:22  SCV  
  84  13:25  SCV  
  86  13:28  Marine x6, SCV  
  86  13:31  Marine x2  
  95  13:47  Marine x3  
  95  13:48  Marine x3  
  101  14:00  SCV x3, Medivac  
  103  14:12  SCV  
  103  14:13  Marine x3  
  103  14:14  Marine x5  
  109  14:23  Marine  
  109  14:24  SCV x3, Medivac  
  114  14:28  Refinery x2  
  114  14:29  Marine x3  
  114  14:31  Marine  
  119  14:34  Marine x2  
  119  14:35  Marine  
  119  14:36  SCV x3  
  125  15:01  Supply Depot  
  125  15:14  SCV x3  
  63  15:26  SCV x2  
Tags
 
Add a new tag
Caveats
  • Supply blocks, unpowered buildings, or Contaminate may cause inaccurate times.
  • Supply counts are checked every 10 seconds.